 Dungeon Crawl Stone Soup version 0.26-a0-1058-g8dc6ce00ff (webtiles) character file.

Game seed: 4431498353848077917

25 Conn the Firebug (level 2, 0/15 HPs)
             Began as a Deep Elf Fire Elementalist on Dec 13, 2020.
             Slain by a white imp (3 damage)
             ... on level 2 of the Dungeon.
             The game lasted 00:01:18 (991 turns).

Conn the Firebug (Deep Elf Fire Elementalist)        Turns: 991, Time: 00:01:18

Health: 0/15       AC:  3    Str:  5    XL:     2   Next: 86%
Magic:  4/8        EV: 13    Int: 19    God:
Gold:   62         SH:  0    Dex: 15    Spells: 7/8 levels left

rFire    . . .     SeeInvis .   h - +0 dagger (freeze)
rCold    . . .     Faith    .   (no shield)
rNeg     . . .     Spirit   .   a - +0 robe
rPois    .         Reflect  .   (no helmet)
rElec    .         Harm     .   e - +0 cloak
rCorr    .         Rampage  .   (no gloves)
Will     .....                  (no boots)
Stlth    ++........             d - amulet of regeneration
HPRegen  0.45/turn              (no ring)
MPRegen  0.11/turn              (no ring)

@: no status effects
A: no striking features
a: no special abilities


You were on level 2 of the Dungeon.
You visited 1 branch of the dungeon, and saw 2 of its levels.

You collected 62 gold pieces.

Inventory:

Hand Weapons
 f - a +0 short sword
 h - a +0 dagger of freezing (weapon)
Armour
 a - a +0 robe (worn)
 e - a +0 cloak (worn)
 g - a +0 kite shield
Jewellery
 d - an amulet of regeneration (around neck)
Scrolls
 b - 2 scrolls of identify {unknown}
 c - a scroll of enchant weapon {unknown}


   Skills:
 + Level 2.7 Dodging
 + Level 2.5 Stealth
 + Level 3.5 Spellcasting
 + Level 1.4 Conjurations
 + Level 3.9 Fire Magic


You had 7 spell levels left.
You knew the following spells:

 Your Spells              Type           Power        Failure   Level
a - Foxfire               Conj/Fire      ##..         4%          1

Your spell library contained the following spells:

 Spells                   Type           Power        Failure   Level
 Conjure Flame            Conj/Fire      ##......     14%         3
 Inner Flame              Hex/Fire       ##......     19%         3
 Sticky Flame             Conj/Fire      ##......     43%         4
 Fireball                 Conj/Fire      ##........   80%         5


Dungeon Overview and Level Annotations

Branches:
Dungeon (2/15)

Altars:


Message History

The white imp is almost dead.
The white imp spits at you. The white imp gestures at you.
The puff of frost hits you.
* * * LOW HITPOINT WARNING * * *
Casting: Foxfire (safe; 4% risk of failure)
Confirm with . or Enter, or press ? or * to list all spells.
You conjure some foxfire!
The white imp grinds its teeth.
The foxfire hits the white imp but does no damage.
The white imp is almost dead.
The foxfire hits the white imp but does no damage.
The white imp is almost dead.
Unknown command.
Casting: Foxfire (safe; 4% risk of failure)
Confirm with . or Enter, or press ? or * to list all spells.
You conjure some foxfire!
The white imp hits you.
* * * LOW HITPOINT WARNING * * *
The white imp freezes you.
You die...

#...... ... ##...... ... #.......
.... ## ## #.....(. ....$#. .##
#....... ....†#. ...#####.......
.......##.#.#...........
.......v.....#.####......
###............5@#####.# ##.....
....#..#.#.....v.......# ##....
....#..#.........####### ##..#
.........#.......### #..##
........#####......# #.##
!.......## #....# .# # #.#
..>......####...####...######.##
.....<.....).......(...........##
....##....###.#.#######..........


You could see a white imp.

Vanquished Creatures
  An adder (D:2)
  2 giant cockroaches (D:1)
  2 hobgoblins (D:1)
  3 jackals (D:1)
  2 frilled lizards
  A goblin (D:1)
  4 kobolds
  A rat (D:1)
16 creatures vanquished.

Vanquished Creatures (others)
  53 foxfires
  5 toadstools (D:1)
58 creatures vanquished.

Grand Total: 74 creatures vanquished

Notes
Turn   | Place    | Note
-------+----------+-------------------------------------------
     0 | D:1      | Conn the Deep Elf Fire Elementalist began the quest for the
                  | Orb.
     0 | D:1      | Reached XP level 1. HP: 10/10 MP: 6/6
   393 | D:1      | Reached XP level 2. HP: 15/15 MP: 6/8
   991 | D:2      | Slain by a white imp

Illustrated notes

Levels and vault maps discovered:
D:1:      ldierk_walled_garden, layout_basic
D:2:      layout_rooms

Action                   || total
-------------------------++-------
 Cast: Foxfire           ||    32
Armor: Robe              ||     3
Dodge: Dodged            ||    10

Table legend: (Time is in decaauts)
 A = Elapsed time spent in this place.
 B = Non-inter-level travel time spent in this place.
 C = Inter-level travel time spent in this place.
 D = Time resting spent in this place.
 E = Time spent auto-exploring this place.
 F = Levels seen in this place.
 G = Mean time per level.
                   A        B        C        D        E       F      G
               +--------+--------+--------+--------+--------+-----+--------+
         Total |    992 |    974 |     18 |     34 |    750 |   2 |  496.0 |
       Dungeon |    992 |    974 |     18 |     34 |    750 |   2 |  496.0 |
               +--------+--------+--------+--------+--------+-----+--------+

Top non-repeatable levels by time:
     D:1: 859 daAuts
     D:2: 132 daAuts
